cohdb
Replays
Latest Replays
All Replays
Popular Replays
Top Player Replays
Match Explorer
How It Works
Community
CoH3 Stats
Reddit
Sign in to upload your games and track your stats! →
Sign in with Steam
Match 43064686
Unlisted
Match 43064686
Overview
Messages
Build Orders
End
Kradschützen Motorcycle Team
Selects Armored Support Battlegroup
Panzergrenadier Squad
Panzergrenadier Squad
Construct Light Support Kompanie
Fire Support Elements
le.IG 18 Support Gun Team
Selects Veteran Gunners
Pak 38 Mechanized Group
Construct Panzerarmee Kommand
Veteran Squad Leaders
Walking Stuka Rocket Launcher
Panzer III L Medium Tank
Selects Flammpanzer III Medium Tank
Vehicle Survival Package
Flammpanzer III Medium Tank
Emergency Repair Kits
2.5-tonne Medical Truck
Selects Salvage Kits
Flammpanzer III Medium Tank
Armored Reserves
Selects Command Panzer IV F Medium Tank
Selects Salvage Kits
Selects Panzer Storm
StuG Assault Group
Grongolock
年
InQueror
Carlson John
Billz
Sozlol
0
0
Comments
sign in to comment!
No comments posted yet!